 Dungeon Crawl Stone Soup version 0.19.1-1-g22dce08 (webtiles) character file.

538 Jynx the Vexing (level 7, -8/46 HPs)
             Began as a Vampire Enchanter on Jan 17, 2017.
             Was an Initiate of Ashenzari.
             Killed by divine providence
             ... invoked by an orc priest
              (13 damage)
             ... on level 3 of the Dungeon.
             The game lasted 00:12:05 (5025 turns).

Jynx the Vexing (Vampire Enchanter)                 Turns: 5025, Time: 00:12:05

Health: -8/46      AC:  3    Str:  5 (7)  XL:     7   Next: 5%
Magic:  4/10       EV: 14    Int: 17      God:    Ashenzari [......]
Gold:   150        SH:  0    Dex: 17      Spells: 3 memorised, 5 levels left

rFire  . . .     SeeInvis +     g - +0 dagger (venom)
rCold  + + +     Gourm    .     p - +0 robe {rC+}
rNeg   + + +     Faith    .     (no shield)
rPois  ∞         Spirit   .     (no helmet)
rElec  .         Reflect  .     i - +0 cloak
rCorr  .         Harm     .     (no gloves)
MR     .....     Rnd*Tele +     (no boots)
Stlth  +++++.....               (no amulet)
                                j - ring of teleportation (curse)
                                l - ring of protection from cold

@: lethally poisoned (-8 -> -8), very slightly contaminated, bloodless,
non-regenerating
A: fangs 3, see invisible, unbreathing
a: Bat Form, Curse Item, Renounce Religion


You were on level 3 of the Dungeon.
You worshipped Ashenzari.
Ashenzari was noncommittal.
You were bloodless.

You visited 2 branches of the dungeon, and saw 5 of its levels.

You collected 150 gold pieces.

Inventory:

Hand Weapons
 g - a +0 dagger of venom (weapon)
Armour
 i - a +0 cloak (worn)
 p - a +0 robe of cold resistance (worn)
Jewellery
 j - a cursed ring of teleportation (right hand)
 l - a ring of protection from cold (left hand)
 o - an uncursed ring of protection from cold
 r - an uncursed ring of resist corrosion
Wands
 m - a wand of lightning (3/15)
Scrolls
 b - a scroll of fog
 n - 2 scrolls of magic mapping
 q - 2 scrolls of amnesia
 s - 2 scrolls of recharging
 t - a scroll of remove curse
Potions
 a - 3 potions of might
 d - 4 potions of blood
 e - a potion of agility
 f - a potion of haste
 h - 2 potions of invisibility
 k - a potion of brilliance
Books
 c - a book of Maledictions

   Spells                             Type                      Level
   a - Corona                         Hexes                        1
   b - Ensorcelled Hibernation        Hexes/Ice                    2
   c - Confuse                        Hexes                        3
   d - Tukima's Dance                 Hexes                        3
   e - Dazzling Spray                 Conjuration/Hexes            3


   Skills:
 * Level 5.4 Short Blades
 + Level 4.2 Dodging
 + Level 5.9 Stealth
 + Level 2.5 Spellcasting
 + Level 6.3 Hexes


You had 5 spell levels left.
You knew the following spells:

 Your Spells              Type           Power        Failure   Level  Hunger
a - Corona                Hex            ###....      1%          1    #......
b - Ensorcelled Hibernat  Hex/Ice        ##....       10%         2    ##.....
c - Tukima's Dance        Hex            ###.....     6%          3    ###....


Dungeon Overview and Level Annotations

Branches:
Dungeon (4/15)             Temple (1/1) D:4

Altars:
Ashenzari
Cheibriados
Dithmenos
Elyvilon
Fedhas
Gozag
Hepliaklqana
Kikubaaqudgha
Nemelex Xobeh
Okawaru
Ru
Sif Muna
Trog
Uskayaw
Vehumet
Xom
Yredelemnul
Zin
The Shining One

Annotations:
D:3 ADDA's ghost, amateur HOMo
D:4 Pikel


Innate Abilities, Weirdness & Mutations

You do not heal naturally.
You are immune to poison.
You have razor-sharp teeth.
You have supernaturally acute eyesight. (SInv)
You can survive without breathing.


Message History

You closely miss the orc priest.
The orc priest is severely wounded.
The orc priest hits you with a flail.
* * * LOW HITPOINT WARNING * * *
You hit the orc priest but do no damage.
The orc priest looks as sick as possible!
The orc priest is severely wounded.
The orc priest hits you but does no damage.
You hit the orc priest but do no damage.
You bite the orc priest, but do no damage.
The orc priest is severely wounded.
There's nothing here to drain!
Okay, then.
Unknown command.
You barely miss the orc priest.
The orc priest is severely wounded.
The orc priest misses you.
The orc priest calls down the wrath of Beogh upon you.
Beogh smites you!
You die...

##.#.#.....#.#.#.#.#.#.#.#.#.#.#.
##.#.#'#+#.#.#.#.#.#.#.#.#.#.#..
##+#.#.#.#.#.# #.#.#.#.#.#.<.#.#.
......#.#.#.#.# #.#.#.#.#.#.#.#..
.....#####.#########'#.#..#..###.
.....# #.............#..#..###.
.....# #.........!...#..#......
####.# #.............#......##.
.....########)o.@.............##.
.........# #)######.###.......#.
....÷....####.. #.......#.
...........##... #.......#.
...........##.... #.##...>#.
####'##....##..... ...........
...#'##....##.#o##. #.#....####.
...........'..oo. .. #.####.# #..
...........# #. #..


You could see an orc priest.

Vanquished Creatures
  An ogre (D:4)
  3 slaves
  2 scorpions (D:4)
  A hound (D:4)
  An orc wizard (D:3)
  Jessica (D:2)
  A centaur skeleton (D:4)
  Natasha (thrice) (D:2)
  6 adders
  5 oozes
  4 worms
  A dart slug (D:1)
  2 leopard geckos (D:2)
  3 orcs (D:3)
  A ball python (D:2)
  3 giant cockroaches
  3 goblins
  8 hobgoblins
  15 jackals
  2 quokkas (D:3)
  4 bats
  2 frilled lizards
  5 kobolds
  A quokka skeleton (D:4)
  9 rats
87 creatures vanquished.

Vanquished Creatures (others)
  A human (D:4)
1 creature vanquished.

Grand Total: 88 creatures vanquished

Notes
Turn   | Place    | Note
-------+----------+-------------------------------------------
     0 | D:1      | Jynx the Vampire Enchanter began the quest for the Orb.
     0 | D:1      | Reached XP level 1. HP: 13/13 MP: 3/3
   164 | D:1      | Reached XP level 2. HP: 19/19 MP: 5/5
  1489 | D:1      | Reached XP level 3. HP: 16/24 MP: 6/6
  1560 | D:2      | Noticed Natasha
  1568 | D:2      | Killed Natasha
  1568 | D:2      | Reached skill level 5 in Hexes
  1619 | D:2      | Noticed Natasha
  1641 | D:1      | Learned a level 3 spell: Tukima's Dance
  1657 | D:1      | Learned a level 2 spell: Ensorcelled Hibernation
  1670 | D:2      | Killed Natasha
  1670 | D:2      | Reached XP level 4. HP: 13/30 MP: 4/7
  2163 | D:2      | Found a faded altar of an unknown god.
  2167 | D:2      | Reached skill level 5 in Stealth
  2218 | D:2      | Noticed Jessica
  2220 | D:2      | Killed Jessica
  2220 | D:2      | Reached XP level 5. HP: 35/35 MP: 8/8
  2298 | D:2      | Noticed Natasha
  2309 | D:2      | Killed Natasha
  3094 | D:3      | Noticed ADDA's ghost (amateur HOMo)
  3320 | D:3      | Found an opulent altar of Gozag.
  3502 | D:4      | Noticed an ogre
  3508 | D:4      | Found an ancient bone altar of Kikubaaqudgha.
  3509 | D:4      | Killed an ogre
  3509 | D:4      | Reached skill level 6 in Hexes
  3509 | D:4      | Reached XP level 6. HP: 20/41 MP: 6/9
  3514 | D:4      | Noticed a human
  3515 | D:4      | Killed a human
  3902 | D:4      | Noticed a slave
  3903 | D:4      | Noticed a slave
  3904 | D:4      | Noticed Pikel
  3906 | D:4      | Noticed a slave
  3921 | D:4      | Noticed a slave
  4000 | D:4      | Found a blossoming altar of Fedhas.
  4000 | D:4      | Found a sparkling altar of Nemelex Xobeh.
  4002 | D:4      | Found an iron altar of Okawaru.
  4007 | D:4      | Found a deep blue altar of Sif Muna.
  4251 | D:4      | Found a staircase to the Ecumenical Temple.
  4262 | D:4      | Reached skill level 5 in Short Blades
  4410 | Temple   | Entered the Ecumenical Temple
  4472 | Temple   | Became a worshipper of Ashenzari the Shackled
  4540 | D:4      | Killed a slave
  4613 | D:4      | Killed a slave
  4654 | D:3      | Killed a slave
  5004 | D:3      | Reached XP level 7. HP: 39/46 MP: 10/10
  5025 | D:3      | Killed from afar by an orc priest

Skill      XL: |  1  2  3  4  5  6 |
---------------+-------------------+-----
Short Blades   | 2 3 4 5 |  5.4
Hexes          | 5 6 |  6.3
Dodging        | 3 4 |  4.2
Stealth        | 5 |  5.9
Spellcasting   | |  2.5

Action                   |  1- 3 |  4- 6 |  7- 9 || total
-------------------------+-------+-------+-------++-------
Melee: Dagger            |   110 |   217 |    15 ||   342
       Bite              |    11 |    13 |     1 ||    25
 Cast: Corona            |     2 |       |       ||     2
       Ensorcelled Hiber |       |    20 |     3 ||    23
 Abil: End Transformatio |       |     1 |       ||     1
       Bat Form          |       |     1 |       ||     1
  Use: Potion            |       |     4 |       ||     4
       Scroll            |       |    11 |       ||    11
 Stab: Sleeping          |     4 |    29 |       ||    33
       Distracted        |     1 |       |       ||     1
  Eat: Corpse            |       |     7 |       ||     7
Armor: Robe              |    19 |    27 |       ||    46
Dodge: Dodged            |    74 |   118 |     3 ||   195
